cohdb
Replays
Latest Replays
All Replays
Popular Replays
Top Player Replays
Match Explorer
How It Works
Community
CoH3 Stats
Reddit
Sign in to upload your games and track your stats! →
Sign in with Steam
Match 45371435
Unlisted
Match 45371435
Overview
Messages
Build Orders
End
Kradschützen Motorcycle Team
Selects Italian Infantry
Panzergrenadier Squad
250 Light Carrier
Construct Light Support Kompanie
Combat Half-tracks
Panzerjäger Squad
Fire Support Elements
Assault Mechanized Group
Flakvierling Half-track
Selects Guastatori Squad
Guastatori Squad
Selects Registered Artillery
Construct Panzerarmee Kommand
Selects Defensive Operations
Selects Territory Booby Traps
Panzer III L Medium Tank
Emergency Repair Kits
Armored Reserves
Vehicle Survival Package
Rapid Advance
Panzer IV Assault Group
Selects Obice 305mm Barrage
Selects Obice 305mm Barrage
Obice 305mm Barrage
BananaJoe
B站鲨鱼菜鸟
Pero
NooJ
0
0
Comments
sign in to comment!
No comments posted yet!